 Dungeon Crawl Stone Soup version 0.19.1 (webtiles) character file.

715 Alarkh the Grave Robber (level 7, -5/41 HPs)
             Began as a Mummy Necromancer on Dec 20, 2016.
             Was an Initiate of Hepliaklqana.
             Slain by an ogre
             ... wielding a +0 giant club
              (29 damage)
             ... on level 5 of the Dungeon.
             The game lasted 00:07:38 (4799 turns).

Alarkh the Grave Robber (Mummy Necromancer)         Turns: 4799, Time: 00:07:39

Health: -5/41      AC:  6    Str: 11    XL:     7   Next: 41%
Magic:  6/15       EV: 11    Int: 17    God:    Hepliaklqana [......]
Gold:   77         SH:  0    Dex: 12    Spells: 3 memorised, 8 levels left

rFire  x . .     SeeInvis .     a - +2 dagger (venom)
rCold  + . .     Gourm    .     h - +3 leather armour
rNeg   + + +     Faith    .     (no shield)
rPois  ∞         Spirit   .     (no helmet)
rElec  .         Reflect  .     (no cloak)
rCorr  .         Harm     .     (no gloves)
MR     .....                    (no boots)
Stlth  +.........               (no amulet)
                                (no ring)
                                (no ring)

@: no status effects
A: no food or potions, fire vulnerability, reduced essence, cold resistance 1,
negative energy resistance 3, torment resistance, unbreathing
a: Recall Ancestor, Ancestor Identity, Renounce Religion


You were on level 5 of the Dungeon.
You worshipped Hepliaklqana.
Hepliaklqana was noncommittal.
You were not hungry.

You visited 2 branches of the dungeon, and saw 7 of its levels.

You collected 257 gold pieces.
You spent 180 gold pieces at shops.

Inventory:

Hand Weapons
 a - a +2 dagger of venom (weapon)
 b - a +2 short sword of electrocution
 k - a +0 dagger
 w - a +0 quarterstaff
Armour
 h - a +3 leather armour (worn)
 i - a +0 robe
 v - a +2 shield
Magical Staves
 p - an uncursed staff of power
Wands
 s - a wand of flame (32/48)
 u - a wand of acid (10/15)
Scrolls
 c - a scroll of noise
 d - 2 scrolls of recharging
 e - a scroll of identify
 f - a scroll of immolation
 g - a scroll of fear
 j - 3 scrolls of remove curse
 l - a scroll of blinking
 m - a scroll of enchant armour
 n - 4 scrolls of teleportation
 q - a scroll of magic mapping
 r - 2 scrolls of random uselessness {unknown}
 t - 2 scrolls of fog {unknown}
 x - 3 scrolls of holy word {unknown}
Books
 o - a book of Necromancy

   Spells                             Type                      Level
   a - Pain                           Necromancy                   1
   b - Animate Skeleton               Necromancy                   1
   c - Vampiric Draining              Necromancy                   3
   d - Regeneration                   Charms/Necromancy            3
   e - Animate Dead                   Necromancy                   4
   f - Control Undead                 Necromancy                   4


   Skills:
 + Level 0.0 Staves
 - Level 1.5 Dodging
 - Level 1.5 Stealth
 - Level 5.4 Spellcasting
 - Level 7.2 Necromancy


You had 8 spell levels left.
You knew the following spells:

 Your Spells              Type           Power        Failure   Level  Hunger
a - Pain                  Necr           ####         1%          1    N/A
c - Control Undead        Necr           ####......   12%         4    N/A
e - Vampiric Draining     Necr           ####......   2%          3    N/A

Dungeon Overview and Level Annotations

Branches:
Dungeon (6/15)             Temple (1/1) D:4

Altars:
Ashenzari
Cheibriados
Dithmenos
Elyvilon
Fedhas
Hepliaklqana
Kikubaaqudgha
Makhleb
Nemelex Xobeh
Okawaru
Ru
Sif Muna
Trog
Uskayaw
Vehumet
Xom
Yredelemnul
Zin
The Shining One

Shops:
D:4 (?:*


Innate Abilities, Weirdness & Mutations

You do not eat or drink.
Your flesh is vulnerable to fire.
You are immune to poison.
Your flesh is cold resistant. (rC+)
You are immune to negative energy. (rN+++)
You are immune to unholy pain and torment.
You can survive without breathing.
Your life essence is reduced. (-10% HP)


Message History

Press: ? - help, Shift-Dir - straight line, f - ogre
Aim: an ogre, wielding a giant club The ogre is moderately wounded.
You feel life coursing into your body. The ogre hits you with a giant club!
Casting: Vampiric Draining
Confirm with . or Enter, or press ? or * to list all spells.
Aiming: Vampiric Draining
Press: ? - help, Shift-Dir - straight line, f/p - ogre
Aim: an ogre, wielding a giant club (moderately wounded)
The ogre is severely wounded.
You feel life coursing into your body.
Ulric hits the ogre.
Casting: Vampiric Draining
Confirm with . or Enter, or press ? or * to list all spells.
Aiming: Vampiric Draining
Press: ? - help, Shift-Dir - straight line, f/p - ogre
Aim: an ogre, wielding a giant club (severely wounded)
The ogre is almost dead.
You feel life coursing into your body. The ogre hits you with a giant club!!
Ouch! That really hurt!
You die...

....### #.... .....### #....
##.....### #.... ##........####
##.... ##............######
##..... ##........#.........##
##......
#.%......R.##R.......####...#...
#..........###O........#...###..
##.......>..#
##@..........#####.
#...........# #..........####...
#........?..# #.........###.....
............# #...............##
..>.........# ##...........####
...........## ###........###
....(......#####.......####
.....†....##...........#
................#####.##


You could see the friendly Ulric the ancestor and an ogre.

Vanquished Creatures
  A phantom (D:6)
  A crimson imp (D:6)
  3 hounds (D:4)
  2 worker ants (D:4)
  A gnoll (D:2)
  8 adders
  An ooze (D:2)
  An adder skeleton (D:4)
  2 worms (D:2)
  2 dart slugs (D:1)
  2 leopard geckos
  12 orcs (D:3)
  6 giant cockroaches
  6 hobgoblins
  7 jackals
  2 quokkas
  8 bats
  4 frilled lizards
  4 goblins
  9 kobolds
  8 rats
90 creatures vanquished.

Vanquished Creatures (collateral kills)
  Sigmund (D:5)
  A water moccasin skeleton (D:5)
  A crimson imp (D:5)
  A worker ant (D:5)
  A quokka skeleton (D:5)
5 creatures vanquished.

Grand Total: 95 creatures vanquished

Notes
Turn   | Place    | Note
-------+----------+-------------------------------------------
     0 | D:1      | Alarkh the Mummy Necromancer began the quest for the Orb.
     0 | D:1      | Reached XP level 1. HP: 13/13 MP: 3/3
     6 | D:1      | Noticed a black mamba
     6 | D:1      | Noticed a wyvern
     7 | D:1      | Noticed a lindwurm
     7 | D:1      | Noticed a polar bear
   130 | D:1      | Reached XP level 2. HP: 13/19 MP: 0/5
   737 | D:1      | Reached XP level 3. HP: 24/24 MP: 0/6
   742 | D:1      | Learned a level 3 spell: Vampiric Draining
   886 | D:2      | Found a shattered altar of Ashenzari.
  1570 | D:2      | Reached XP level 4. HP: 30/30 MP: 3/8
  1581 | D:2      | Reached skill level 5 in Necromancy
  2225 | D:3      | Reached XP level 5. HP: 35/35 MP: 10/10
  2255 | D:3      | Found a sparkling altar of Nemelex Xobeh.
  2686 | D:4      | Found a sacrificial altar of Ru.
  2814 | D:4      | Learned a level 4 spell: Control Undead
  2828 | D:4      | Found Fipleel's Magic Scroll Shoppe.
  2850 | D:4      | Bought a scroll of identify for 28 gold pieces
  2850 | D:4      | Bought a scroll of remove curse for 42 gold pieces
  2873 | D:4      | Found Unoiqarph's Assorted Antiques.
  2881 | D:4      | Bought a forked brass wand for 88 gold pieces
  2881 | D:4      | Bought a scroll labeled KOL ZUEFFEUSI for 22 gold pieces
  3136 | D:4      | Reached skill level 6 in Necromancy
  3136 | D:4      | Reached XP level 6. HP: 33/41 MP: 12/12
  3145 | D:4      | Found a glowing golden altar of the Shining One.
  3190 | D:4      | Found Folum's Antique Weapon Emporium.
  3239 | D:4      | Found a staircase to the Ecumenical Temple.
  3251 | Temple   | Entered the Ecumenical Temple
  3397 | Temple   | Became a worshipper of Hepliaklqana the Forgotten
  3433 | D:4      | Found Egakuy's Book Emporium.
  3751 | D:5      | Entered Level 5 of the Dungeon
  3886 | D:5      | Noticed Sigmund
  4323 | D:6      | Reached skill level 5 in Spellcasting
  4323 | D:6      | Reached XP level 7. HP: 22/41 MP: 14/14
  4477 | D:5      | Killed Sigmund
  4477 | D:5      | Reached skill level 7 in Necromancy
  4799 | D:5      | Slain by an ogre

Skill      XL: |  1  2  3  4  5  6  7 |
---------------+----------------------+-----
Spellcasting   | 3 4 5 |  5.4
Necromancy     | 5 6 7 |  7.2
Dodging        | |  1.5
Stealth        | |  1.5

Action                   |  1- 3 |  4- 6 |  7- 9 || total
-------------------------+-------+-------+-------++-------
Melee: Unarmed           |    14 |       |       ||    14
       Dagger            |    10 |   158 |    16 ||   184
       Short sword       |       |     7 |       ||     7
 Cast: Pain              |    76 |    29 |       ||   105
       Vampiric Draining |       |     4 |     3 ||     7
Invok: Ancestor Identity |       |     1 |       ||     1
  Use: Scroll            |       |     7 |     1 ||     8
 Stab: Sleeping          |       |     1 |       ||     1
Armor: Robe              |     7 |       |       ||     7
       Leather armour    |       |    70 |     3 ||    73
Dodge: Dodged            |    43 |   117 |     7 ||   167
